3R
NORTHWEST TERRITORY BEAVERS @ GERMANTOWN URUGUAYANS
07/10/2042
 
TOP OF THE 1ST
Northwest Territory Beavers batting - Pitching for Germantown Uruguayans : LHP Bob O'Bryan
Pitching: LHP Bob O'Bryan
Batting: RHB Kenny Simmons 0-0: Ball
1-0: Bunted foul
1-1: Foul Ball, location: 2F
1-2: Foul Ball, location: 2F
1-2: Strikes out swinging
Batting: RHB Ijsbert Reynoud 0-0: Called Strike
0-1: Ball
1-1: Foul Ball, location: 2F
1-2: Ball
2-2: Strikes out looking
Batting: RHB Ming Wang 0-0: SINGLE (Line Drive, 7S, EV 90.0 MPH)
Batting: RHB Rodrigo Martínez 0-0: Called Strike
0-1: Swinging Strike
0-2: Foul Ball, location: 2F
0-2: Ball
1-2: Strikes out swinging
Top of the 1st over - 0 runs, 1 hit, 0 errors, 1 left on base; Northwest Territory 0 - Germantown 0
BOTTOM OF THE 1ST
Germantown Uruguayans batting - Pitching for Northwest Territory Beavers : RHP Jong-beom Park
Pitching: RHP Jong-beom Park
Batting: RHB Halewijn Kraan 0-0: Ball
1-0: Foul Ball, location: 2F
1-1: SINGLE (Line Drive, 9LS, EV 86.9 MPH)
Batting: LHB Enreecko-Edilberto Bibilone 0-0: Foul Ball, location: 2F
0-1: Foul Ball, location: 2F
0-2: Ball
1-2: Fly out, F6 (Popup, 6M, EV 66.9 MPH)
Batting: LHB Ta-hye Keng 0-0: Called Strike
0-1: Fly out, F5 (Popup, 5SF, EV 70.0 MPH)
Batting: SHB Teddy York 0-0: Fly out, F9 (Flyball, 89XD, EV 106.2 MPH)
Bottom of the 1st over - 0 runs, 1 hit, 0 errors, 1 left on base; Northwest Territory 0 - Germantown 0
TOP OF THE 2ND
Northwest Territory Beavers batting - Pitching for Germantown Uruguayans : LHP Bob O'Bryan
Batting: RHB Hyun-soo Yi 0-0: Called Strike
0-1: Ball
1-1: Ground out U3 (Groundball, 34, EV 88.1 MPH)
Batting: RHB Brian Day 0-0: Ball
1-0: Called Strike
1-1: Foul Ball, location: 2F
1-2: Ball
2-2: Ground out 5-3 (Groundball, 56S, EV 86.2 MPH)
Batting: RHB Ramón Moreno 0-0: Called Strike
0-1: Ball
1-1: Foul Ball, location: 2F
1-2: Strikes out swinging
Top of the 2nd over - 0 runs, 0 hits, 0 errors, 0 left on base; Northwest Territory 0 - Germantown 0
BOTTOM OF THE 2ND
Germantown Uruguayans batting - Pitching for Northwest Territory Beavers : RHP Jong-beom Park
Batting: RHB Job Wooddisse 0-0: Ball
1-0: Swinging Strike
1-1: SINGLE (Line Drive, 9S, EV 91.9 MPH)
Batting: RHB Steve Gill 0-0: Called Strike
0-1: Called Strike
0-2: Ball
1-2: Ball
2-2: Strikes out swinging
Batting: LHB Bill Ware 0-0: Ball
1-0: Ball
2-0: Foul Ball, location: 2F
2-1: Called Strike
2-2: Ball
3-2: Foul Ball, location: 2F
3-2: Fly out, F8 (Flyball, 8LS, EV 91.2 MPH)
Batting: RHB Karnamukha Thirunavu 0-0: Ball
1-0: Foul Ball, location: 2F
1-1: Fly out, F8 (Line Drive, 8LD, EV 86.2 MPH)
Bottom of the 2nd over - 0 runs, 1 hit, 0 errors, 1 left on base; Northwest Territory 0 - Germantown 0
TOP OF THE 3RD
Northwest Territory Beavers batting - Pitching for Germantown Uruguayans : LHP Bob O'Bryan
Batting: RHB Jean-Pierre Alix 0-0: Ball
1-0: Ball
2-0: Ground out 5-3 (Groundball, 5S, EV 71.2 MPH)
Batting: RHB Xavier Gonzalez 0-0: Ball
1-0: Foul Ball, location: 2F
1-1: SINGLE (Line Drive, 8RS, EV 101.2 MPH)
Batting: RHB Kenny Simmons 0-0: Fly out, F9 (Flyball, 9LMF, EV 95.6 MPH)
Batting: RHB Ijsbert Reynoud 0-0: Ball
1-0: TRIPLE (Flyball, 78XD, EV 94.4 MPH)
Xavier Gonzalez scores
Batting: RHB Ming Wang 0-0: Called Strike
0-1: Foul Ball, location: 2F
0-2: Ball
1-2: Foul Ball, location: 2F
1-2: Ball
2-2: Hit by Pitch
Batting: RHB Rodrigo Martínez 0-0: Ball
1-0: Called Strike
1-1: Called Strike
1-2: Strikes out swinging, 2-3 out at first.
Top of the 3rd over - 1 run, 2 hits, 0 errors, 2 left on base; Northwest Territory 1 - Germantown 0
BOTTOM OF THE 3RD
Germantown Uruguayans batting - Pitching for Northwest Territory Beavers : RHP Jong-beom Park
Batting: RHB Santiago Harmon 0-0: Ball
1-0: Ball
2-0: SINGLE (Line Drive, 7S, EV 87.5 MPH)
Batting: RHB Halewijn Kraan 0-0: Called Strike
0-1: Called Strike
0-2: Foul Ball, location: 2F
0-2: Ball
1-2: Ball
2-2: Strikes out swinging
Batting: LHB Enreecko-Edilberto Bibilone 0-0: Ball
1-0: Called Strike
1-1: Ball
2-1: Foul Ball, location: 2F
2-2: Ball
3-2: Foul Ball, location: 2F
3-2: Fly out, F9 (Flyball, 9LM, EV 83.1 MPH)
Batting: LHB Ta-hye Keng 0-0: Ball
1-0: Swinging Strike
1-1: Ball
Passed Ball!
Santiago Harmon to second
2-1: Called Strike
2-2: Strikes out swinging
Bottom of the 3rd over - 0 runs, 1 hit, 0 errors, 1 left on base; Northwest Territory 1 - Germantown 0
TOP OF THE 4TH
Northwest Territory Beavers batting - Pitching for Germantown Uruguayans : LHP Bob O'Bryan
Batting: RHB Hyun-soo Yi 0-0: Ground out 4-3 (Groundball, 4, EV 90.6 MPH)
Batting: RHB Brian Day 0-0: Ball
1-0: Reached on error, E5 (Groundball, 5, EV 102.5 MPH)
Batting: RHB Ramón Moreno 0-0: Ball
1-0: Fly out, F9 (Flyball, 9D, EV 78.8 MPH)
Batting: RHB Jean-Pierre Alix 0-0: Called Strike
0-1: Swinging Strike
0-2: Ball
1-2: Strikes out looking
Top of the 4th over - 0 runs, 0 hits, 1 error, 1 left on base; Northwest Territory 1 - Germantown 0
BOTTOM OF THE 4TH
Germantown Uruguayans batting - Pitching for Northwest Territory Beavers : RHP Jong-beom Park
Batting: SHB Teddy York 0-0: Ball
1-0: Foul Ball, location: 2F
1-1: Ball
2-1: SINGLE (Groundball, 6MD, EV 98.8 MPH)
Batting: RHB Job Wooddisse 0-0: Ball
1-0: SINGLE (Line Drive, 4M, EV 94.4 MPH)
Teddy York to second
Batting: RHB Steve Gill 0-0: Foul Ball, location: 2F
0-1: Foul Ball, location: 2F
0-2: Ball
1-2: Foul Ball, location: 2F
1-2: Ball
2-2: Ball
Passed Ball!
Teddy York to third
Job Wooddisse to second
3-2: Strikes out swinging
Batting: LHB Bill Ware 0-0: Called Strike
0-1: Ball
1-1: Foul Ball, location: 2F
1-2: Foul Ball, location: 2F
1-2: Strikes out looking
Batting: RHB Karnamukha Thirunavu 0-0: Ball
1-0: Ball
2-0: SINGLE (Line Drive, 7S, EV 93.1 MPH)
Teddy York scores
Job Wooddisse to third
Runner from 3rd tries for Home, SAFE, throw by LF to home
Batting: RHB Santiago Harmon 0-0: Foul Ball, location: 2F
0-1: Fly out, F9 (Line Drive, 9, EV 106.9 MPH)
Bottom of the 4th over - 2 runs, 3 hits, 0 errors, 1 left on base; Northwest Territory 1 - Germantown 2
TOP OF THE 5TH
Northwest Territory Beavers batting - Pitching for Germantown Uruguayans : LHP Bob O'Bryan
Batting: RHB Xavier Gonzalez 0-0: Ball
1-0: Ball
2-0: Foul Ball, location: 2F
2-1: Swinging Strike
2-2: Foul Ball, location: 2F
2-2: Fly out, F9 (Flyball, 89S, EV 85.0 MPH)
Batting: RHB Kenny Simmons 0-0: Ball
1-0: Ball
2-0: Fly out, F8 (Flyball, 8LM, EV 91.9 MPH)
Batting: RHB Ijsbert Reynoud 0-0: Ball
1-0: Called Strike
1-1: Ball
2-1: Foul Ball, location: 2F
2-2: Fly out, F7 (Line Drive, 7D, EV 88.1 MPH)
Top of the 5th over - 0 runs, 0 hits, 0 errors, 0 left on base; Northwest Territory 1 - Germantown 2
BOTTOM OF THE 5TH
Germantown Uruguayans batting - Pitching for Northwest Territory Beavers : RHP Jong-beom Park
Batting: RHB Halewijn Kraan 0-0: Ball
1-0: Ball
2-0: Foul Ball, location: 2F
2-1: Ground out 4-3 (Groundball, 4, EV 101.9 MPH)
Batting: LHB Enreecko-Edilberto Bibilone 0-0: Ball
1-0: Ball
2-0: Ball
3-0: Called Strike
3-1: Ground out 3-1 (Groundball, 34, EV 93.8 MPH)
Batting: LHB Ta-hye Keng 0-0: Foul Ball, location: 2F
0-1: Swinging Strike
0-2: Ball
1-2: Ground out 4-3 (Groundball, 4S, EV 66.2 MPH)
Bottom of the 5th over - 0 runs, 0 hits, 0 errors, 0 left on base; Northwest Territory 1 - Germantown 2
TOP OF THE 6TH
Northwest Territory Beavers batting - Pitching for Germantown Uruguayans : LHP Bob O'Bryan
Batting: RHB Ming Wang 0-0: Ball
1-0: Foul Ball, location: 2F
1-1: Foul Ball, location: 2F
1-2: Ball
2-2: Foul Ball, location: 2F
2-2: Ball
3-2: SINGLE (Groundball, 34D, EV 95.6 MPH)
Batting: RHB Rodrigo Martínez 0-0: Ball
1-0: Called Strike
1-1: Ball
2-1: Foul Ball, location: 2F
2-2: Ball
3-2: Foul Ball, location: 2F
3-2: DOUBLE (Groundball, 5L, EV 100.0 MPH)
Ming Wang to third
Batting: RHB Hyun-soo Yi 0-0: Called Strike
0-1: Ground out 4-3 (Groundball, 4M, EV 80.6 MPH)
Ming Wang scores
Rodrigo Martínez to third
Batting: RHB Brian Day 0-0: Ball
1-0: Ball
2-0: Called Strike
2-1: Swinging Strike
2-2: Foul Ball, location: 2F
2-2: Ground out U3 (Groundball, 34S, EV 83.8 MPH)
Batting: RHB Ramón Moreno 0-0: Ball
1-0: Fly out, F8 (Flyball, 8LM, EV 86.9 MPH)
Top of the 6th over - 1 run, 2 hits, 0 errors, 1 left on base; Northwest Territory 2 - Germantown 2
BOTTOM OF THE 6TH
Germantown Uruguayans batting - Pitching for Northwest Territory Beavers : RHP Jong-beom Park
Pitching: RHP Aaron Rigsby
Batting: SHB Teddy York 0-0: Fly out, F9 (Flyball, 9S, EV 84.4 MPH)
Batting: RHB Job Wooddisse 0-0: Ball
1-0: Ground out 6-3 (Groundball, 6, EV 80.0 MPH)
Batting: RHB Steve Gill 0-0: Foul Ball, location: 2F
0-1: Swinging Strike
0-2: Ball
1-2: Ball
2-2: Ground out 5-3 (Groundball, 56, EV 93.8 MPH)
Bottom of the 6th over - 0 runs, 0 hits, 0 errors, 0 left on base; Northwest Territory 2 - Germantown 2
TOP OF THE 7TH
Northwest Territory Beavers batting - Pitching for Germantown Uruguayans : LHP Bob O'Bryan
Batting: RHB Jean-Pierre Alix 0-0: Ball
1-0: Foul Ball, location: 2F
1-1: Fly out, F8 (Flyball, 8LM, EV 83.1 MPH)
Batting: RHB Xavier Gonzalez 0-0: SINGLE (Line Drive, 8LM, EV 98.1 MPH)
Batting: RHB Kenny Simmons 0-0: Called Strike
0-1: Foul Ball, location: 2F
0-2: Ball
1-2: Ball
2-2: Foul Ball, location: 2F
2-2: DOUBLE (Line Drive, 8LXD, EV 107.5 MPH)
Xavier Gonzalez to third
Pitching: RHP Fernando Rojas
Batting: RHB Ijsbert Reynoud 0-0: Ball
1-0: Ball
2-0: Foul Ball, location: 2F
2-1: Ball
3-1: Foul Ball, location: 2F
3-2: Strikes out swinging
Batting: RHB Ming Wang 0-0: Called Strike
0-1: Swinging Strike
0-2: Ball
1-2: Foul Ball, location: 2F
1-2: Ball
2-2: Ball
3-2: Foul Ball, location: 2F
3-2: SINGLE (Groundball, 34D, EV 107.5 MPH)
Xavier Gonzalez scores
Kenny Simmons to third
Kenny Simmons scores
Batting: RHB Rodrigo Martínez 0-0: Ball
1-0: Foul Ball, location: 2F
1-1: Ball
2-1: Foul Ball, location: 2F
2-2: Fly out, F9 (Flyball, 9S, EV 85.6 MPH)
Top of the 7th over - 2 runs, 3 hits, 0 errors, 1 left on base; Northwest Territory 4 - Germantown 2
BOTTOM OF THE 7TH
Germantown Uruguayans batting - Pitching for Northwest Territory Beavers : RHP Aaron Rigsby
Batting: LHB Bill Ware 0-0: Called Strike
0-1: Ball
1-1: Foul Ball, location: 2F
1-2: Strikes out swinging
Batting: RHB Karnamukha Thirunavu 0-0: Swinging Strike
0-1: Foul Ball, location: 2F
0-2: Foul Ball, location: 2F
0-2: Strikes out looking
Batting: RHB Santiago Harmon 0-0: Ball
1-0: Foul Ball, location: 2F
1-1: Fly out, F9 (Flyball, 9, EV 85.0 MPH)
Bottom of the 7th over - 0 runs, 0 hits, 0 errors, 0 left on base; Northwest Territory 4 - Germantown 2
TOP OF THE 8TH
Northwest Territory Beavers batting - Pitching for Germantown Uruguayans : RHP Fernando Rojas
Batting: RHB Hyun-soo Yi 0-0: Called Strike
0-1: Swinging Strike
0-2: Strikes out swinging
Batting: RHB Brian Day 0-0: SINGLE (Flyball, 9S, EV 90.0 MPH)
Batting: RHB Ramón Moreno 0-0: Called Strike
0-1: Ball
1-1: Foul Ball, location: 2F
1-2: Ball
2-2: Strikes out swinging
Batting: RHB Jean-Pierre Alix 0-0: Ball
1-0: Foul Ball, location: 2F
1-1: DOUBLE (Line Drive, 78D, EV 106.9 MPH)
Brian Day to third
Runner from 3rd tries for Home, SAFE, throw by LF to trailing runner, SAFE at third!
Batting: RHB Xavier Gonzalez 0-0: Called Strike
0-1: Swinging Strike
0-2: Ball
1-2: Ball
2-2: Ground out 6-3 (Groundball, 6, EV 88.1 MPH)
Top of the 8th over - 1 run, 2 hits, 0 errors, 1 left on base; Northwest Territory 5 - Germantown 2
BOTTOM OF THE 8TH
Germantown Uruguayans batting - Pitching for Northwest Territory Beavers : RHP Aaron Rigsby
Batting: RHB Halewijn Kraan 0-0: Called Strike
0-1: Ball
1-1: Foul Ball, location: 2F
1-2: Foul Ball, location: 2F
1-2: Ball
2-2: Ball
3-2: Foul Ball, location: 2F
3-2: Fly out, F4 (Popup, 4S, EV 71.2 MPH)
Batting: LHB Enreecko-Edilberto Bibilone 0-0: Ball
1-0: Swinging Strike
1-1: Swinging Strike
1-2: Strikes out swinging
Batting: LHB Ta-hye Keng 0-0: Ball
1-0: Fly out, F7 (Flyball, 7, EV 90.0 MPH)
Bottom of the 8th over - 0 runs, 0 hits, 0 errors, 0 left on base; Northwest Territory 5 - Germantown 2
TOP OF THE 9TH
Northwest Territory Beavers batting - Pitching for Germantown Uruguayans : RHP Fernando Rojas
Batting: RHB Kenny Simmons 0-0: Swinging Strike
0-1: Ball
1-1: Called Strike
1-2: Strikes out looking
Batting: RHB Ijsbert Reynoud 0-0: Ball
1-0: Ball
2-0: Foul Ball, location: 2F
2-1: Ball
3-1: SINGLE (Flyball, 7, EV 86.2 MPH)
Batting: RHB Ming Wang 0-0: Ball
Ijsbert Reynoud steals 2nd base (no throw)
1-0: Intentional Walk
Pitching: RHP Esa Hakala
Batting: RHB Rodrigo Martínez 0-0: Ball
1-0: Ball
2-0: Called Strike
2-1: Foul Ball, location: 2F
2-2: Strikes out swinging
Batting: RHB Hyun-soo Yi 0-0: Called Strike
0-1: Reached on error, E3 (Groundball, 34, EV 85.6 MPH)
Ijsbert Reynoud to third
Ming Wang to second
Batting: RHB Brian Day 0-0: Ball
1-0: Foul Ball, location: 2F
1-1: Ball
2-1: SINGLE (Line Drive, 56, EV 111.9 MPH)
Ijsbert Reynoud scores
Ming Wang to third
Hyun-soo Yi to second
Runner from 3rd tries for Home, SAFE, no throw by LF
Batting: RHB Ramón Moreno 0-0: Foul Ball, location: 2F
0-1: Ball
1-1: Called Strike
1-2: Strikes out swinging
Top of the 9th over - 2 runs, 2 hits, 1 error, 2 left on base; Northwest Territory 7 - Germantown 2
BOTTOM OF THE 9TH
Germantown Uruguayans batting - Pitching for Northwest Territory Beavers : RHP Aaron Rigsby
Batting: SHB Teddy York 0-0: Ball
1-0: SINGLE (Groundball, 6D, EV 109.4 MPH)
Pitching: RHP Pedro Cuenca
Batting: RHB Job Wooddisse 0-0: Foul Ball, location: 2F
0-1: Ball
1-1: Ball
2-1: Swinging Strike
2-2: Strikes out swinging
Batting: RHB Steve Gill 0-0: SINGLE (Groundball, 4MD, EV 100.6 MPH)
Teddy York to second
Batting: LHB Bill Ware 0-0: Ball
1-0: Ball
2-0: Foul Ball, location: 2F
2-1: Swinging Strike
2-2: Ball
3-2: Base on Balls
Teddy York to third
Steve Gill to second
Pitching: RHP Claude Richardson
Batting: RHB Karnamukha Thirunavu 0-0: Ball
1-0: Ball
2-0: Foul Ball, location: 2F
2-1: Foul Ball, location: 2F
2-2: SINGLE (Line Drive, 7LS, EV 100.0 MPH)
Teddy York scores
Steve Gill to third
Bill Ware to second
Pinch Hitting: RHB Bryce Farris 0-0: Fielders Choice at 2nd, 4-6 (Groundball, 4MS, EV 80.0 MPH)
Steve Gill scores
Bill Ware to third
Batting: RHB Halewijn Kraan 0-0: Ball
1-0: Called Strike
1-1: Ball
2-1: Swinging Strike
2-2: Ball
3-2: Ground out 6-3 (Groundball, 6, EV 80.0 MPH)
Bottom of the 9th over - 2 runs, 3 hits, 0 errors, 2 left on base; Northwest Territory 7 - Germantown 4
Friday, March 26th, 2021 - OOTP Baseball 20.8 Build 74